[Event "FRA-ch Teams Top 16-A 2022"]
[Site "Chartres"]
[Date "2022.06.13"]
[Round "5.21"]
[White "Edouard, Romain"]
[Black "Shchekachev, Andrei"]
[Result "1-0"]
[ECO "C84"]
[WhiteElo "2575"]
[BlackElo "2508"]
[Annotator "TA"]
[PlyCount "73"]
[EventDate "2022.06.09"]
[EventType "team-tourn"]
[EventCountry "FRA"]
[SourceTitle "playchess.com"]
[Source "ChessBase"]
[SourceQuality "1"]
[TimeControl "40/5400+30:1800+30"]

1. e4 e5 2. Nf3 Nc6 3. Bb5 a6 4. Ba4 Nf6 5. O-O Be7 6. d3 d6 7. c4 O-O {[%emt 0:03:12] C84: Closed Ruy Lopez: Unusual White 6th moves.} 8. h3 Nd4 9. Nxd4 exd4 {[%emt 0:00:08] The position is equal.} 10. f4 c6 11. Nd2 {[%emt 0:00:40] [#]} b5 $146 ({Predecessor:} 11... Qb6 12. Nf3 Nd7 13. Qe1 a5 14. Qf2 Bf6 15. g4 h6 16. Bc2 Rd8 17. h4 g6 {1-0 (30) Polgar,J (2675)-Comp Junior on Alpha Budapest 1996}) 12. Bc2 Nd7 13. Nf3 c5 14. g4 Re8 15. b3 Nb8 16. Qe1 Nc6 17. Bd2 Rb8 18. Qg3 Qd7 19. Kg2 Bd8 20. Rae1 (20. f5 $11) 20... Ba5 ({Black should play} 20... bxc4 $15 21. bxc4 (21. dxc4 a5 $11) 21... Rb2) 21. Bxa5 $11 Nxa5 22. g5 Nc6 23. Nh2 Qd8 24. Ng4 Kh8 25. Kh2 Qa5 26. Re2 Qc3 (26... bxc4 $11 27. f5 c3 28. Qxd6 Qb6) 27. Rg2 (27. f5 $16 bxc4 28. bxc4 (28. Qxd6 $2 cxd3 29. Bxd3 Qxd3 $19)) 27... Bxg4 $14 28. hxg4 bxc4 (28... Nb4 $1 $11 29. Bb1 bxc4) 29. Rf3 (29. bxc4 $14 Kg8 30. Kg1) 29... Nb4 $2 {[%emt 0:06:20] [#]} (29... Kg8 $11) 30. Qh4 $1 $18 Nxc2 {[%emt 0:04:51] [#]} (30... cxd3 31. Rh3) 31. Rh3 $1 Kg8 (31... h6 $2 32. gxh6 Re6 33. hxg7+ Kxg7 34. f5 $18) 32. f5 {[%emt 0:02:02] The board is on fire.} Ne3 $2 (32... cxb3 {gets mated.} 33. Qxh7+ Kf8 34. f6 gxf6 35. gxf6 bxa2 36. Qh8#) (32... Kf8 $16 33. f6 gxf6) 33. Qxh7+ Kf8 {[%emt 0:00:04] ...Ke7 is the strong threat.} 34. f6 {[%emt 0:00:02] White mates.} gxf6 {[%emt 0:00:14] [#]} 35. gxf6 $1 Nxg4+ 36. Rxg4 Qd2+ 37. Kh1 {[%emt 0:00:07] Weighted Error Value: White=0.16 (very precise) /Black=0.50} 1-0

[Event "FRA-ch Teams Top 16-A 2022"]
[Site "Chartres"]
[Date "2022.06.13"]
[Round "5.22"]
[White "Abergel, Thal"]
[Black "David, Alberto"]
[Result "1-0"]
[ECO "B12"]
[WhiteElo "2378"]
[BlackElo "2520"]
[Annotator "TA"]
[PlyCount "65"]
[EventDate "2022.06.09"]
[EventType "team-tourn"]
[EventCountry "FRA"]
[SourceTitle "playchess.com"]
[Source "ChessBase"]
[SourceQuality "1"]
[TimeControl "40/5400+30:1800+30"]

1. e4 c6 2. d4 d5 3. e5 Bf5 4. h4 h5 5. Bd3 Bxd3 6. Qxd3 e6 7. Bg5 {[%emt 0:01:59] B12: Caro-Kann: Advance Variation.} Qa5+ (7... Qb6 $5 ) 8. Nd2 Qa6 9. c4 {[%emt 0:00:36] White has an edge.} Nd7 10. b3 Bb4 11. Ne2 Ne7 12. O-O Bxd2 (12... Nf5 $14) 13. Bxe7 ({Much worse is} 13. Bxd2 $6 c5 $11) 13... Kxe7 14. Qxd2 dxc4 15. Qb4+ c5 16. dxc5 {[%emt 0:00:10] aiming for c6+.} Qc6 17. Nd4 ({But not} 17. Qd2 $6 Qxc5 18. Rac1 Rhc8 $11) (17. Rad1 $16 Rac8 18. Qxc4) 17... Qxc5 $14 {[%emt 0:00:44] [#]} 18. Qxb7 {[%emt 0:00:14] [#]} Rac8 $146 {[%emt 0:08:03] [#] Inhibits Nc6+.} ({Predecessor:} 18... Qxd4 19. Rad1 Rhb8 20. Qc6 Rc8 21. Qxc8 Rxc8 22. Rxd4 cxb3 23. axb3 Rb8 24. Ra1 Nxe5 25. Rxa7+ {1-0 (44) Shkapenko,P (2424)-Bugayev,V Chess.com INT 2021}) 19. bxc4 $1 {[%emt 0:02:25] Black must now prevent Rad1.} Rc7 (19... Qxd4 $2 20. Rad1 Rb8 21. Qxb8 (21. Rxd4 $2 {perishes.} Rxb7 22. f4 Rc8 $19) 21... Qxf2+ 22. Kxf2 $18) (19... Qxc4 20. Rad1) 20. Qe4 Rb8 21. Rac1 (21. Rfd1 $14) 21... Rb4 $11 22. Nf3 Rxc4 23. Rxc4 Qxc4 24. Qe3 Kf8 25. Qg5 Kg8 26. Rd1 Rb7 (26... g6 $11 {keeps the balance.}) 27. Rc1 $16 Qa4 28. Qxh5 Qxa2 $2 (28... Nf8 $16) 29. Rc8+ Nf8 {[%emt 0:00:04] [#]} 30. Ng5 $1 {[%emt 0:00:16][%csl Gg5][%cal Rh5h7] White mates.} Qa1+ 31. Kh2 Qxe5+ 32. g3 Qf5 {[%emt 0:00:05] [#]} 33. Qh8+ $3 {[%emt 0:00:04][%mdl 576] Skewer, Decoy, Back Rank.  Weighted Error Value: White=0.09 (flawless) /Black=0.41} 1-0

[Event "FRA-ch Teams Top 16-A 2022"]
[Site "Chartres"]
[Date "2022.06.13"]
[Round "5.23"]
[White "Velten, Paul"]
[Black "Mekhane, Adam"]
[Result "1-0"]
[ECO "E14"]
[WhiteElo "2492"]
[BlackElo "2276"]
[Annotator "TA"]
[PlyCount "57"]
[EventDate "2022.06.09"]
[EventType "team-tourn"]
[EventCountry "FRA"]
[SourceTitle "playchess.com"]
[Source "ChessBase"]
[SourceQuality "1"]
[TimeControl "40/5400+30:1800+30"]

1. d4 Nf6 2. c4 e6 3. Nf3 Bb4+ 4. Nbd2 b6 5. a3 Bxd2+ 6. Qxd2 Bb7 7. e3 Qe7 {[%emt 0:01:00] E14: Queen's Indian: Classical Variation (4 e3).} 8. Be2 g5 {[%emt 0:02:34] [#]} 9. O-O $146 ({Predecessor:} 9. h3 Rg8 10. Qc2 d6 11. Bd2 Nbd7 12. O-O-O h5 13. Bc3 g4 14. hxg4 hxg4 15. Nh4 {1-0 (34) Barbot,P (2453)-Bellahcene,B (2481) Agen 2017}) 9... g4 {[%emt 0:00:48] White is slightly better.} 10. Ne5 d6 11. Nd3 Nbd7 12. b4 h5 13. Bb2 Rg8 14. f4 (14. c5 $14) 14... Ne4 $15 15. Qc2 Qh4 16. Ne1 Ke7 $2 ({Much less strong is} 16... g3 17. h3 $14) ({Black should play} 16... c5 $11) 17. d5 $1 $16 f5 18. Bd3 $1 {[%emt 0:01:52] The board is on fire.} exd5 19. Bxe4 dxe4 20. g3 Qh3 {[%emt 0:00:04] [#]} 21. Ng2 {[%emt 0:00:05] Against h4} h4 $2 (21... Rgf8 22. Nh4 Kd8) 22. Nxh4 $18 Raf8 23. Rfd1 Rf7 24. c5 bxc5 25. Qb3 {[%emt 0:01:46] Threatens to win with Rac1.} Rgf8 (25... d5 26. Rxd5 Rgf8 {[#]} 27. bxc5 $1 Bxd5 28. Qxd5 Qxh4 29. gxh4) 26. Rac1 {[%emt 0:00:17] Strongly threatening bxc5.} Ba6 27. bxc5 Rb8 28. cxd6+ (28. Ng6+ $142 Ke8 29. Qe6+ Kd8 30. Qxf7 Qxh2+ 31. Kxh2 Rxb2+ 32. Kh1 c6 33. Rxd6) 28... cxd6 29. Ng6+ {[%emt 0:00:17] Weighted Error Value: White=0.13 (very precise) /Black=1.07} 1-0

[Event "FRA-ch Teams Top 16-A 2022"]
[Site "Chartres"]
[Date "2022.06.13"]
[Round "5.24"]
[White "Hernandez, Lara"]
[Black "Alexieva, Silvia"]
[Result "0-1"]
[ECO "D11"]
[WhiteElo "1965"]
[BlackElo "2219"]
[Annotator "RC"]
[PlyCount "104"]
[EventDate "2022.06.09"]
[EventType "team-tourn"]
[EventCountry "FRA"]
[SourceTitle "playchess.com"]
[Source "ChessBase"]
[SourceQuality "1"]
[TimeControl "40/5400+30:1800+30"]

1. d4 Nf6 2. Nf3 d5 3. g3 Bf5 4. Bg2 h6 5. c4 c6 6. Nc3 e6 7. Qb3 Qb6 8. c5 Qxb3 9. axb3 Be7 10. b4 O-O 11. h3 a6 12. g4 Bh7 13. Bf4 Nbd7 14. Nd2 Rfe8 15. Bg3 Bd8 16. f4 Bc7 17. O-O g5 18. e3 Kg7 19. Kh2 Bd3 20. Rfd1 Rh8 21. Nf3 Be4 22. Ne5 Rad8 23. Rf1 Bxg2 24. Kxg2 Nxe5 25. fxe5 Ne4 26. Nxe4 dxe4 27. h4 Rd7 28. Rh1 Rdd8 29. Rh2 Rdg8 30. Kf2 Bd8 31. Rah1 Be7 32. Ke2 Bd8 33. Kd2 Be7 34. Kc3 Bd8 35. b3 Be7 36. Kb2 Bd8 37. Ka3 h5 38. gxh5 Rxh5 39. hxg5 Rxh2 40. Rxh2 Bxg5 41. Bf4 Bxf4 42. exf4 f5 43. Ka4 Rd8 44. Rd2 Kg6 45. Ka5 Kh5 46. Kb6 Rd7 47. Rg2 Kh4 48. Rg6 Re7 49. Ka7 Kh3 50. Kb8 Kh2 51. Kc8 e3 52. Kd8 Rh7 0-1

[Event "FRA-ch Teams Top 16-A 2022"]
[Site "Chartres"]
[Date "2022.06.13"]
[Round "5.25"]
[White "Ganguly, Surya Shekhar"]
[Black "Song, Julien"]
[Result "1-0"]
[ECO "C54"]
[WhiteElo "2616"]
[BlackElo "2388"]
[Annotator "TA"]
[PlyCount "61"]
[EventDate "2022.06.09"]
[EventType "team-tourn"]
[EventCountry "FRA"]
[SourceTitle "playchess.com"]
[Source "ChessBase"]
[SourceQuality "1"]
[TimeControl "40/5400+30:1800+30"]

1. e4 e5 2. Nf3 Nc6 3. Bc4 Nf6 4. d3 Bc5 5. O-O O-O 6. c3 d5 7. exd5 Nxd5 8. a4 {[%emt 0:00:05] C54: Giuoco Piano: 4 c3 Nf6, main lines with 5 d4 and 5 d3.} a5 9. Re1 Bg4 10. Nbd2 {[%emt 0:03:31] White is slightly better.} Nb6 11. Bb5 Bd6 12. Ne4 {[%emt 0:01:47] [#]} h6 $146 ({Predecessor:} 12... f5 13. Qb3+ Kh8 14. Nxd6 cxd6 15. Ng5 Qc7 16. Ne6 Qf7 17. Ra3 Rfc8 18. Be3 Nd7 {½-½ (40) Navara,D (2693)-Niemann,H (2637) Malmo 2022}) 13. h3 Bxf3 14. Qxf3 f5 15. Nxd6 Qxd6 16. b3 {[%emt 0:02:03] [#] aiming for Ba3.} Qf6 (16... Rf7 $14) 17. Ra2 $16 Qf7 (17... Rad8 $16 {might work better.}) 18. Bxc6 bxc6 19. Qxc6 (19. Rxe5 Qxb3 20. Qe2 Qb1 $11) 19... Qxb3 20. Rb2 Qf7 21. Rxe5 f4 (21... Rad8 $16) 22. f3 {[%emt 0:06:04] Rbb5 is the strong threat.} Rad8 23. Qe4 {[%emt 0:03:47] Black must now prevent Rbb5. White is more active.} (23. Rxa5 $6 Rxd3 24. Rf2 (24. Rd2 Re3 $11) 24... Qb3 $11) 23... Qf6 {[%emt 0:01:39] Loses the game.} (23... Qd7 $16) 24. Re2 {[%emt 0:01:51] [#] And now Ba3 would win.} ({But not} 24. Rxa5 $2 Qxc3 25. Rb4 (25. Qe6+ $2 Kh8 $19) 25... Qxc1+ $19) 24... Kh8 $2 (24... Qd6 25. Bxf4 (25. Rxa5 Qxd3 26. Ba3 Rf7 $16) 25... Qxd3) 25. Ba3 $18 Rf7 26. Be7 Rxe7 27. Rxe7 Qxc3 28. Re8+ Rxe8 29. Qxe8+ Kh7 30. Qe4+ Kg8 31. Qe6+ {[%emt 0:00:23] Weighted Error Value: White=0.13 (very precise) /Black=1.06} 1-0

[Event "FRA-ch Teams Top 16-A 2022"]
[Site "Chartres"]
[Date "2022.06.13"]
[Round "5.26"]
[White "Iglesias, Yosha"]
[Black "Visakh N R"]
[Result "0-1"]
[ECO "A07"]
[WhiteElo "2202"]
[BlackElo "2506"]
[Annotator "TA"]
[PlyCount "64"]
[EventDate "2022.06.09"]
[EventType "team-tourn"]
[EventCountry "FRA"]
[SourceTitle "playchess.com"]
[Source "ChessBase"]
[SourceQuality "1"]
[TimeControl "40/5400+30:1800+30"]

1. Nf3 d5 2. g3 c6 3. Bg2 Bg4 4. O-O Nd7 5. h3 Bh5 6. d3 Ngf6 7. c4 dxc4 {[%emt 0:10:44] A07: Réti Opening: New York and Capablanca Systems.} 8. dxc4 e5 9. Nc3 Qc7 {[%emt 0:03:08] White has an edge.} 10. Nh4 Bg6 {[%emt 0:10:08] [#]} 11. f4 $146 (11. Nxg6 $14 {stays ahead.} hxg6 12. b3) ({Predecessor:} 11. Nxg6 hxg6 12. Qc2 Be7 13. Rb1 a5 14. a3 Nc5 15. b4 axb4 16. axb4 Ne6 17. e3 {1-0 (45) Oparin,G (2652)-Le,T (2501) Chess.com INT 2020}) 11... exf4 12. Bxf4 Qd8 (12... Qb6+ $15 13. Kh1 Nc5) 13. Nxg6 hxg6 14. e4 (14. e3 $11 {remains equal.}) 14... Nh5 15. e5 Nc5 16. Qf3 {[%emt 0:00:54] [#] Hoping for Rad1.} Nxf4 ({Don't take} 16... Nd3 17. Rad1 Nhxf4 18. gxf4 Qd4+ 19. Kh2 $18) 17. Qxf4 Qc7 18. Nd5 $2 {[%emt 0:07:08] This move loses the game for White.} cxd5 $19 19. cxd5 {[%emt 0:00:07] [#]} Nd3 {[%emt 0:18:57][%csl LRb2,LRe5,LRf4] Prevents Rac1.} 20. Qa4+ Kd8 21. d6 Qb6+ 22. Kh1 Nxe5 23. Rae1 $2 (23. Rad1 {keeps fighting.} Bxd6 24. Rd5) 23... Bxd6 24. Rxe5 Bxe5 25. Rxf7 Qd6 {[%emt 0:14:29] Prevents Qd7+.} 26. Rf1 Qe6 27. Qa5+ Bc7 {[%emt 0:01:00] Black is clearly winning.} 28. Qg5+ Kc8 29. Rc1 Kb8 30. Rxc7 Kxc7 31. Qf4+ Qd6 {[%emt 0:00:00] aiming for ...Qxf4.} 32. Qf7+ Kd8 {[%emt 0:00:00] Weighted Error Value: White=0.68/Black=0.16 (very precise)} 0-1

[Event "FRA-ch Teams Top 16-A 2022"]
[Site "Chartres"]
[Date "2022.06.13"]
[Round "5.27"]
[White "Postny, Evgeny"]
[Black "Sohier, Julien"]
[Result "1-0"]
[ECO "D20"]
[WhiteElo "2563"]
[BlackElo "2218"]
[Annotator "TA"]
[PlyCount "128"]
[EventDate "2022.06.09"]
[EventType "team-tourn"]
[EventCountry "FRA"]
[SourceTitle "playchess.com"]
[Source "ChessBase"]
[SourceQuality "1"]
[TimeControl "40/5400+30:1800+30"]

1. d4 d5 2. c4 dxc4 3. e4 e5 4. Nf3 exd4 5. Bxc4 Nc6 6. O-O Be6 7. Bxe6 fxe6 8. Qb3 Qd7 {[%emt 0:00:10] D20: Queen's Gambit Accepted: 3 e3 and 3 e4.} 9. Qxb7 Rb8 10. Qa6 Bd6 {[%emt 0:01:24] White is slightly better. 10...Nge7 is the modern continuation.} 11. Nbd2 Nf6 12. a3 O-O {[%emt 0:00:18][%cal Od4d3] [#]} 13. h3 $146 ({White should play} 13. b4 $11) ({Predecessor:} 13. b4 Ng4 14. Bb2 Nce5 15. h3 Nxf3+ 16. Nxf3 Rxf3 17. hxg4 Rf4 18. Qxa7 Rbf8 19. f3 {1-0 (67) Yu,Y (2709)-Wang,H (2763) Chess.com INT 2020}) 13... Nh5 $15 14. Ne1 ({Only move:} 14. b4 $1 $15) 14... Nf4 $17 {[%emt 0:06:56] Strongly threatening ...Ne5.} 15. Ndf3 Rb6 16. Qa4 Qf7 (16... Ne2+ $17 17. Kh1 Ne5 18. Qxd7 Nxd7) 17. Bxf4 $11 ({Wrong is} 17. Nxd4 $2 Nxd4 18. Kh1 Nfe2 $19) 17... Qxf4 ({Don't do} 17... Bxf4 18. Nxd4 Ne5 19. Rb1 $14) 18. Qc2 $1 a5 19. Qe2 Ne5 20. Nxd4 Ng6 (20... Nc6 $5 21. Ndf3 Ne5 $11) 21. Ndf3 {[%emt 0:06:08] Inhibits Qh2+. Nd3 is the strong threat.} Qf6 (21... Ne5 $11) 22. Nd3 $14 {[%emt 0:00:41] aiming for e5.} Nf4 $1 23. Nxf4 Rxb2 {[%emt 0:02:49] [#]} 24. Qa6 Bxf4 25. Qxa5 (25. Rad1 $16) 25... Rb3 $1 $11 {[%emt 0:01:07][%cal Ob3f3] White must now prevent ...Rxf3!} 26. Qh5 g6 27. Qh4 Qxh4 28. Nxh4 Be5 29. Ra2 Rf4 30. Nf3 Rxe4 31. a4 Rb6 32. a5 Ra6 33. Rc1 Bd6 34. Nd2 Rb4 35. g3 Rb5 36. Nc4 Rc5 37. Rcc2 Rb5 38. Kf1 Kf7 39. Ke2 Ke7 40. h4 Kd7 41. Kd3 ({Much weaker is} 41. Nxd6 cxd6 42. Rcb2 Raxa5 $17) 41... Rd5+ 42. Ke4 g5 43. hxg5 Rxg5 44. Ra4 h5 45. Kf3 Rc5 46. Re2 Rf5+ 47. Kg2 Rc5 48. Re4 Kc6 49. f4 Kb5 50. Nxd6+ cxd6 $14 {[%emt 0:00:26][%mdl 4096] Endgame KRR-KRR} 51. Rab4+ Kc6 52. Rxe6 Raxa5 53. Rb2 Rf5 54. Rh6 Rac5 55. Kh3 {[%emt 0:00:00] And now Rd2 would win.} Rcd5 {[%emt 0:01:54] Against Rd2} 56. Rc2+ Rc5 (56... Kb5 $16) 57. Ra2 (57. Rd2 $18) 57... Rcd5 58. Kh4 {[%emt 0:01:08] White is more active.} (58. Ra6+ $1 $16 Kd7 59. Rh7+ Ke6 60. Raa7) 58... Rd1 $1 {[%emt 0:01:07] ( -> ...Rh1+)} 59. Rh2 {[%emt 0:00:17] Prevents Rh1.} Rdd5 {[%emt 0:00:22] [#]} (59... Rg1 $1 $14) 60. Rg6 $1 $16 Kd7 {[%emt 0:01:40] [#]} (60... Rf8 $16 {was worth a try.} 61. Rc2+ Kd7) 61. Rg5 $1 $18 Rxg5 $2 (61... Ke7 62. Kxh5 Rxg5+ 63. fxg5 Rd3) 62. fxg5 Ke6 63. Rf2 {[%emt 0:00:52] Threatening mate with g6.} Rd3 64. g6 Kd5 {[%emt 0:01:15] Weighted Error Value: White=0.12 (very precise) /Black=0.29 (precise)} 1-0

[Event "FRA-ch Teams Top 16-A 2022"]
[Site "Chartres"]
[Date "2022.06.13"]
[Round "5.28"]
[White "Ramirez Garcia, Jorge Alberto"]
[Black "Bailet, Pierre"]
[Result "1/2-1/2"]
[ECO "C47"]
[WhiteElo "2242"]
[BlackElo "2509"]
[Annotator "TA"]
[PlyCount "115"]
[EventDate "2022.06.09"]
[EventType "team-tourn"]
[EventCountry "FRA"]
[SourceTitle "playchess.com"]
[Source "ChessBase"]
[SourceQuality "1"]
[TimeControl "40/5400+30:1800+30"]

1. e4 e5 2. Nf3 Nc6 3. Nc3 Nf6 4. d4 exd4 5. Nxd4 Bb4 6. Nxc6 bxc6 7. Bd3 d5 8. exd5 O-O {[%emt 0:00:30] is the new trend.} 9. O-O cxd5 10. h3 {[%emt 0:00:08] Against Bg4. C47: Scotch Four Knights and Four Knights with 4 g3.} Rb8 11. Bg5 Be7 12. b3 h6 13. Bf4 Bd6 14. Qf3 Bb7 15. Bxd6 Qxd6 16. Nb5 Qb6 17. Qf4 c5 18. Nd6 {[%emt 0:02:32] [#]} Bc8 $146 ({Predecessor:} 18... Qc7 19. Qg3 Nh5 20. Qe5 Rbd8 21. Qxh5 Qxd6 22. Rfe1 Rfe8 23. Qh4 Bc6 24. a4 Kf8 25. Bb5 Rb8 26. Bxc6 Qxc6 {½-½ (39) Adams,M (2745)-Anand,V (2793) London 2014}) 19. Rfe1 Be6 20. Nf5 Bxf5 21. Qxf5 Rfe8 22. Kf1 Qd6 23. Rxe8+ Rxe8 24. Re1 Rxe1+ 25. Kxe1 $11 {[%emt 0:00:05][%mdl 4096] Endgame KQB-KQN} g6 $36 {[%emt 0:00:39][%mdl 2048] Black is pushing.} 26. Qc8+ Kg7 27. Kf1 a5 28. Kg1 Qb6 29. g3 Qb4 30. Qc6 h5 31. Qd6 $2 (31. Kf1 $11) 31... Qd4 $2 ({Better is} 31... Qe1+ $17 32. Bf1 {[#]} (32. Kg2 c4 $17) 32... Qxf2+ $1 33. Kxf2 Ne4+ 34. Kf3 Nxd6) 32. Kg2 g5 33. Qe7 c4 34. Bf5 h4 35. c3 Qb6 36. gxh4 (36. Qe5 {keeps more tension.} cxb3 37. axb3 d4 38. gxh4 gxh4 39. cxd4 Qb7+ 40. d5) 36... gxh4 37. Qe3 Qxe3 38. fxe3 {[%emt 0:00:02] KB-KN} Kf8 39. Kf3 Ke7 40. Kf4 {[%emt 0:00:21] [#] Threatens to win with Ke5.} cxb3 $2 (40... Nh5+ $11 {and Black stays safe.} 41. Ke5 Ng3) 41. axb3 $18 {[%emt 0:03:34] Black must now prevent Kg5.} Kd6 42. Bc2 Ne8 $2 (42... d4 {is tougher.}) 43. Kg5 Nc7 44. Bd3 {[%emt 0:00:46] Against Nb5} Ke5 45. Kxh4 f5 46. Kg3 {[%emt 0:02:30] Against f4+} Ne6 47. h4 f4+ 48. Kf3 $2 (48. exf4+ $18 Nxf4 49. Bb5) 48... fxe3 $11 {[%emt 0:00:11] The position is equal.} 49. Kxe3 {[%emt 0:00:07] aiming for h5.} d4+ $1 50. Kd2 dxc3+ 51. Kxc3 Nc5 52. h5 Kf6 53. h6 Nxb3 54. Kxb3 Kf7 55. Bh7 Kf6 56. Be4 Kf7 57. Ka4 Kg8 58. Kxa5 {[%emt 0:00:03] Black escapes into a draw.  Weighted Error Value: White=0.20 (precise) /Black=0.23 (precise)} 1/2-1/2

[Event "FRA-ch Teams Top 16-A 2022"]
[Site "Chartres"]
[Date "2022.06.13"]
[Round "5.29"]
[White "Feller, Sebastien"]
[Black "Baillon, Olivier"]
[Result "0-1"]
[ECO "B70"]
[WhiteElo "2569"]
[BlackElo "2197"]
[Annotator "TA"]
[PlyCount "67"]
[EventDate "2022.06.09"]
[EventType "team-tourn"]
[EventCountry "FRA"]
[SourceTitle "playchess.com"]
[Source "ChessBase"]
[SourceQuality "1"]
[TimeControl "40/5400+30:1800+30"]

1. e4 c5 2. Nf3 d6 3. d4 cxd4 4. Nxd4 Nf6 5. Nc3 Nc6 6. Nb3 g6 7. Be2 Bg7 8. O-O O-O 9. Re1 b6 10. Bf1 Bb7 11. Bg5 Rc8 12. Nd5 Ne5 {[%emt 0:13:11] [#] B70: Sicilian Dragon: 6 g3 and 6 Be2 (without a later Be3).} 13. Bxf6 $146 ({Predecessor:} 13. Nxf6+ exf6 14. Bh4 Nc4 15. Qd4 d5 16. exd5 Qxd5 17. Qxd5 Bxd5 18. Rad1 Rfd8 19. Rd4 Be6 20. Rxd8+ Rxd8 21. Rxe6 fxe6 22. Bxc4 {0-1 (31) Tzolas,G (1991)-Pountzas,H (2126) Achaia 2012}) 13... exf6 14. c3 Nc4 {[%emt 0:02:16] White has an edge.} 15. Bxc4 Rxc4 16. Qd3 Ra4 (16... Rc8 $11 {remains equal.}) 17. Nd2 {[%emt 0:05:05] Pair of Knights!} Ra5 18. b4 Ra4 19. a3 Qd7 (19... f5 $5) 20. c4 f5 {[%emt 0:03:15] And now ...Bxd5 would win.} 21. Ra2 Re8 22. h3 Bxd5 23. Qxd5 Bc3 {[%emt 0:03:59] ...Bxb4 is the strong threat.} (23... a5 $5 24. b5 Qe6 $11) 24. Qd3 (24. Rb1 $11 {was the only way to keep the balance.}) 24... Bxb4 $1 $17 25. e5 (25. Re2 $17) 25... Qc6 $19 26. Re2 Bxd2 27. Rexd2 dxe5 ({Wrong is} 27... Rxe5 $2 28. Qxd6 Re1+ 29. Kh2 Rxc4 30. Qxc6 Rxc6 31. Kg3 $19) 28. Rac2 e4 29. Qb3 Ra5 30. Rd5 Rc5 31. Rcd2 Rxc4 32. Rd7 Qe6 {[%emt 0:01:52] [#] aiming for ...Rc1+.} 33. Kh2 a6 34. R7d4 $2 {[%emt 0:01:12] Weighted Error Value: White=0.34/Black=0.16 (very precise)} (34. Qg3 Qf6 35. R7d6) 0-1

[Event "FRA-ch Teams Top 16-A 2022"]
[Site "Chartres"]
[Date "2022.06.13"]
[Round "5.30"]
[White "Hirth, Julien"]
[Black "Lazarev, Vladimir"]
[Result "1-0"]
[ECO "B22"]
[WhiteElo "2072"]
[BlackElo "2491"]
[Annotator "TA"]
[PlyCount "83"]
[EventDate "2022.06.09"]
[EventType "team-tourn"]
[EventCountry "FRA"]
[SourceTitle "playchess.com"]
[Source "ChessBase"]
[SourceQuality "1"]
[TimeControl "40/5400+30:1800+30"]

1. e4 c5 2. c3 Nf6 3. e5 Nd5 4. Nf3 Nc6 5. Bc4 Nb6 6. Bb3 d5 7. exd6 c4 8. Bc2 Qxd6 9. O-O g6 {[%emt 0:03:29] B22: Sicilian: 2 c3.} 10. Qe2 Bg7 11. Na3 Be6 {[%emt 0:04:33] The position is equal.} 12. b3 cxb3 13. axb3 O-O 14. d4 Bd5 {[%emt 0:13:49] [#]} 15. Rd1 $146 (15. Nc4 $5 Qc7 16. Be4 $14) ({Predecessor:} 15. Nc4 Nxc4 16. bxc4 Bxf3 17. Qxf3 Rac8 18. c5 Qd7 19. Rd1 Rfd8 20. Bf4 e5 21. dxe5 Qe7 22. Re1 Re8 23. Bb3 a6 24. e6 {1-0 (24) Mamedyarov,S (2770)-Sirosh,I (2400) Tornelo INT 2021}) 15... Rfe8 16. Nb5 Qb8 17. Be3 a6 18. Na3 Qc7 (18... e5 {seems wilder.} 19. Nc4 exd4 20. Nxb6 Bxf3 21. gxf3 dxe3 22. Nxa8 Bxc3 23. Ra4 exf2+ 24. Qxf2 Qxa8 25. Rc4 Ba5) 19. Nc4 Rad8 (19... Nd7 $11) 20. Bg5 (20. Nxb6 $1 $14 Qxb6 21. Ne1) 20... f6 21. Bh4 e5 22. Bg3 Bxc4 (22... f5 $11 {remains equal.}) 23. bxc4 $16 Qf7 24. d5 Nb8 25. Rab1 $1 {[%emt 0:01:29] White is more active.} Qc7 26. Nd4 {[%emt 0:01:59] Hoping for Ne6.} Nxc4 27. Ne6 Qc8 28. Nxd8 Rxd8 29. d6 Nxd6 30. Bb3+ Kh8 31. f4 Nc6 32. Bf2 {[%emt 0:01:02] Black must now prevent Bb6. A strong pair of Bishops.} Nb5 {[%emt 0:00:42] [#] A mistake that costs the game.} (32... Bf8 $16) 33. Rxd8+ $1 $18 Qxd8 34. Rd1 Qc8 35. Qc4 exf4 {[%emt 0:00:27] [#]} 36. Rd7 $3 {[%emt 0:02:24][%cal Od7b7,Bd1d7,Bd7d8,Bd8e8][%mdl 544] Rxb7! is the strong threat.} Qe8 {[%emt 0:00:32] [#]} 37. Qd3 $1 $40 {[%emt 0:02:50][%mdl 128] Black is in trouble.} ({And not} 37. Rxb7 Nd6 38. Qxa6 Nxb7 39. Qxb7 Ne5 $11) 37... Ne5 $2 (37... Qf8) 38. Rd8 {[%emt 0:00:41] White is clearly winning.} Nxd3 39. Rxe8+ Bf8 40. Rxf8+ Kg7 41. Rg8+ Kh6 42. Bd4 {[%emt 0:00:00] Weighted Error Value: White=0.15 (very precise) /Black=0.23 (precise)} 1-0